 Dungeon Crawl Stone Soup version 0.29.1-1-gd02db6906a (webtiles) character file.

Game seed: 9898529205513631490

52 keekatzer the Trooper (level 3, -7/31 HPs)
             Began as a Barachi Fighter on Sept 23, 2022.
             Killed from afar by an orc wizard (10 damage)
             ... with a puff of flame
             ... on level 2 of the Dungeon.
             The game lasted 00:08:17 (1778 turns).

keekatzer the Trooper (Barachi Fighter)             Turns: 1778, Time: 00:08:17

Health: -7/31      AC: 10    Str: 17    XL:     3   Next: 85%
Magic:  3/3        EV:  6    Int:  8    God:
Gold:   125        SH:  5    Dex: 13    Spells: 2/2 levels left

rFire   . . .      SeeInvis .   a - +0 war axe
rCold   . . .      Faith    .   c - +0 buckler
rNeg    . . .      Spirit   .   f - +0 chain mail
rPois   +          Reflect  .   k - +0 helmet
rElec   .          Harm     .   (no cloak)
rCorr   .          Rampage  .   (no gloves)
Will    .....                   (no boots)
Stlth   ..........              (no amulet)
HPRegen 0.10/turn               n - ring of poison resistance
MPRegen 0.08/turn               (no ring)

@: slow
A: amphibious, slowness 1, strong legs 1, +LOS
a: Hop


You were on level 2 of the Dungeon.
You visited 1 branch of the dungeon, and saw 3 of its levels.

You collected 125 gold pieces.

Inventory:

Hand Weapons
 a - a +0 war axe (weapon)
Armour
 c - a +0 buckler (worn)
 f - a +0 chain mail (worn)
 k - a +0 helmet (worn)
Jewellery
 n - a ring of poison resistance (left hand)
Wands
 m - a wand of flame (6)
Scrolls
 b - a scroll of amnesia {unknown}
 e - a scroll of noise {unknown}
 g - a scroll of immolation
 i - 2 scrolls of identify {unknown}
 l - a scroll of fear {unknown}
Potions
 d - 3 potions of might
 h - 3 potions of flight


   Skills:
 + Level 4.3 Fighting
 - Level 2.1 Axes
 + Level 4.2 Armour
 + Level 0.6 Dodging
 + Level 4.0 Shields


You had 2 spell levels left.
You didn't know any spells.
Your spell library was empty.

Dungeon Overview and Level Annotations

Branches:
Dungeon (3/15)

Altars:

Shops:
D:1 (


Innate Abilities, Weirdness & Mutations

You are amphibious.
You cover ground slowly.
You can hop short distances.
You have an extended range of vision and can be seen from far away.


Message History

You hear some strange, mumbled words.
Something tries to affect you, but you resist.
You barely miss the goblin. You closely miss something. Something hits you.
The goblin hits you but does no damage.
You hear some strange, mumbled words.
A puff of flame appears from out of thin air!
The puff of flame hits you. The goblin hits you with a +0 club.
You hit the goblin.
You kill the goblin!
You miss something. Something hits you but does no damage.
You hit something. Something hits you but does no damage.
You hit something.
Something hits you but does no damage. x2
You miss something. Something hits you but does no damage.
You closely miss something.
You hear some strange, mumbled words.
A magic dart appears from out of thin air!
The magic dart hits you.
You hear some strange, mumbled words.
A magic dart appears from out of thin air!
The magic dart hits you.
You closely miss something. Something hits you.
You barely miss something.
You hear some strange, mumbled words.
A magic dart appears from out of thin air!
The magic dart hits you!
* * * LOW HITPOINT WARNING * * *
Something hits you.
* * * LOW HITPOINT WARNING * * *
You closely miss something. Something hits you.
* * * LOW HITPOINT WARNING * * *
Unknown command.
You miss something.
Something hits you but does no damage. x2
You barely miss something. Something hits you.
* * * LOW HITPOINT WARNING * * *
You hit something but do no damage. Something hits you but does no damage.
You hit something. Something hits you but does no damage.
You hear some strange, mumbled words.
A puff of flame appears from out of thin air!
The puff of flame hits you!
You die...

####.........
#............
#.[...#.#####
###.....#.....#
####...........#.#
#....##.####.#.#.#
#.#.....##...#.#.#
#{#.######.#.#.#.#
#@)......#.#.#.#..
###.#.#....#.#.###
###...#....#.#[###
#..........#......
#..........###.###
#.......#......##
#.......#.......#
#.......##......#
#.......###.....#


There were no monsters in sight!

Vanquished Creatures
  A worm (D:2)
  3 dart slugs
  An orc (D:3)
  4 ball pythons
  5 endoplasms
  A giant cockroach (D:2)
  4 hobgoblins
  2 quokkas
  2 bats (D:1)
  3 frilled lizards
  3 goblins (D:2)
  7 kobolds
  7 rats
43 creatures vanquished.

Notes
Turn   | Place    | Note
-------+----------+-------------------------------------------
     0 | D:1      | keekatzer the Barachi Fighter began the quest for the Orb.
     0 | D:1      | Reached XP level 1. HP: 18/18 MP: 1/1
   157 | D:1      | Reached XP level 2. HP: 16/25 MP: 2/2
   385 | D:1      | Found a faded altar of an unknown god.
   519 | D:1      | Found Ahokk's Weapon Shoppe.
   623 | D:1      | Reached XP level 3. HP: 30/30 MP: 3/3
  1778 | D:2      | Killed from afar by an orc wizard

Illustrated notes

Levels and vault maps discovered:
D:1:      minmay_arrival_split_and_join, layout_loops_ring,
          hellmonk_ecumenical_altar_blasted, serial_shops, nicolae_shop_trees,
          minmay_misc_feat_diagonals
D:2:      layout_basic
D:3:      layout_rooms, nicolae_wu_jian_immortal_techniques,
          beargit_hepliaklqana_dungeon_heroes

Skill      XL: |  1  2  3 |
---------------+----------+-----
Fighting       | 4 |  4.3
Armour         | 4 |  4.2
Shields        | 4 |  4.0
Axes           | |  2.1
Dodging        | |  0.6

Action                   || total
-------------------------++-------
Melee: War axe           ||   120
 Abil: Hop               ||     1
  Use: Potion            ||     2
Armor: Scale mail        ||    10
       Chain mail        ||    78
Dodge: Dodged            ||    33
Block: Buckler           ||    23
